 Dungeon Crawl Stone Soup version 0.29.1-15-g9cfb28693d (webtiles) character file.

Game seed: 5860074185769216958

178 JanKanker the Vexing (level 5, -3/39 HPs)
             Began as a Vampire Enchanter on Mar 9, 2023.
             Constricted to death by an orc priest (6 damage)
             ... on level 3 of the Dungeon.
             The game lasted 00:21:15 (2919 turns).

JanKanker the Vexing (Vampire Enchanter)            Turns: 2919, Time: 00:21:15

Health: -3/39      AC:  8    Str:  7    XL:     5   Next: 32%
Magic:  3/8        EV:  9    Int: 17    God:
Gold:   132        SH:  0    Dex: 17    Spells: 0/8 levels left

rFire   . . .      SeeInvis +   l - +0 rapier
rCold   . . .      Faith    .   (no shield)
rNeg    . . .      Spirit   .   o - +0 leather armour
rPois   .          Reflect  .   (no helmet)
rElec   .          Harm     .   (no cloak)
rCorr   .          Rampage  .   k - +0 pair of gloves
Will    .....                   (no boots)
Stlth   +++.......              (no amulet)
HPRegen 0.33/turn               g - +4 ring of protection
MPRegen 0.11/turn               (no ring)

@: grasped by roots, attractive, healing quickly, constricted
A: alive, fangs 3, see invisible, vampiric 2
a: Exsanguinate


You were on level 3 of the Dungeon.
You visited 1 branch of the dungeon, and saw 3 of its levels.

You collected 132 gold pieces.

Inventory:

Hand Weapons
 a - a +1 dagger
 l - a +0 rapier (weapon)
Armour
 b - a +0 robe
 k - a +0 pair of gloves (worn)
 o - a +0 leather armour (worn)
Jewellery
 g - a +4 ring of protection (left hand)
Wands
 m - a wand of light (5)
Scrolls
 d - 7 scrolls of identify {unknown}
 e - a scroll of butterflies {unknown}
 j - a scroll of poison {unknown}
 n - a scroll of enchant weapon {unknown}
 p - a scroll of brand weapon {unknown}
 r - a scroll of summoning {unknown}
 s - a scroll of enchant armour {unknown}
Potions
 c - a potion of invisibility
 h - a potion of cancellation {unknown}
 i - 2 potions of heal wounds {unknown}
 q - 2 potions of might {unknown}


   Skills:
 + Level 2.5 Fighting
 - Level 1.1 Short Blades
 - Level 2.1 Dodging
 * Level 5.9 Stealth
 - Level 2.0 Spellcasting
 * Level 6.6 Hexes


You couldn't memorise any spells.
You knew the following spells:

 Your Spells              Type           Power      Damage    Failure   Level
a - Ensorcelled Hibernat  Hex/Ice        24%        N/A       12%         2
b - Confusing Touch       Hex            24%        N/A       6%          3
c - Tukima's Dance        Hex            24%        N/A       6%          3

Your spell library contained the following spells:

 Spells                   Type           Power      Damage    Failure   Level
 Dazzling Flash           Conj/Hex       24%        N/A       22%         3
 Shock                    Conj/Air       4%         1d3       28%         1
 Static Discharge         Conj/Air       1%         3-4/arc   41%         2
 Swiftness                Air            1%         N/A       65%         3
 Airstrike                Air            0%         2d(1-17)  96%         4
 Lightning Bolt           Conj/Air       0%         1d11      100%        5
 Maxwell's Capacitive Co  Air            0%         ∞         100%        8


Dungeon Overview and Level Annotations

Branches:
Dungeon (3/15)

Altars:
Wu Jian

Annotations:
D:3 Grinder


Innate Abilities, Weirdness & Mutations

Your natural rate of healing is accelerated.
You have razor-sharp teeth.
You have supernaturally acute eyesight. (SInv)
You are afflicted with vampirism and can become a bat while bloodless.


Message History

The orc priest resists with significant effort.
Casting: Tukima's Dance (dangerous; 6% risk of failure)
Confirm with . or Enter, or press ? or * to list all spells.
You don't have enough magic to cast this spell.
You hit the orc priest.
The orc priest is lightly wounded.
The orc priest closely misses you.
You hit the orc priest.
You bite the orc priest, but do no damage.
The orc priest is moderately wounded.
The orc priest mumbles some strange prayers to Beogh against you.
Beogh smites you!
The orc priest zaps a wand.
The roots erupt in riotous growth!
The grasping roots grab you!
The orc priest is unaffected.
The grasping roots constrict you.
You hear a shout!
You closely miss the orc priest. Your bite misses the orc priest.
The orc priest is moderately wounded.
The orc priest closely misses you. The grasping roots constrict you.
You hit the orc priest. You bite the orc priest.
The orc priest is severely wounded.
The orc priest hits you with a +0 dagger.
The grasping roots constrict you.
The grasping roots release their grip on you.
You hit the orc priest.
The orc priest is severely wounded.
The orc priest mumbles some strange prayers to Beogh against you.
Beogh smites you!
* * * LOW HITPOINT WARNING * * *
You hit the orc priest but do no damage.
The orc priest is severely wounded.
The orc priest mumbles some strange prayers to Beogh against you.
Pain shoots through your body!
* * * LOW HITPOINT WARNING * * *
It was a potion of attraction.
You feel attractive to monsters.
The orc priest zaps a wand.
The roots erupt in riotous growth!
The grasping roots grab you!
The orc priest is unaffected.
The grasping roots constrict you.
You die...

.. #...o...o.....####
...
#.######'###......
.... #.# #o# #...###
#... #.# #.# #......
####..#####.# #.#
#.#.##. ....o....##.#
#†###.#....
J.....##....##
#.##....... K....
####o.#####)##..#....
....
#@....##.##..#.##.
... #...#....##..#.#
. .. ###..#.####..#.#
l ####..>####).#^#
#.)........).#.#
#)########...#.#
#.########...#.###
#.......####.#....
##.####.####.#####


You could see an orc priest (resistant).

Vanquished Creatures
  A black bear (D:3)
  Robin (D:3)
  2 adders (D:2)
  2 orcs (D:3)
  3 bats
  6 endoplasms
  4 giant cockroaches
  13 goblins
  8 hobgoblins
  4 quokkas
  3 ball pythons
  2 frilled lizards (D:1)
  3 kobolds
52 creatures vanquished.

Vanquished Creatures (others)
  13 plants (D:1)
13 creatures vanquished.

Grand Total: 65 creatures vanquished

Notes
Turn   | Place    | Note
-------+----------+-------------------------------------------
     0 | D:1      | JanKanker the Vampire Enchanter began the quest for the
                  | Orb.
     0 | D:1      | Reached XP level 1. HP: 13/13 MP: 3/3
   317 | D:1      | Reached skill level 1 in Fighting
   328 | D:1      | Found a faded altar of an unknown god.
   474 | D:1      | Reached XP level 2. HP: 17/21 MP: 5/5
   492 | D:1      | Learned a level 2 spell: Ensorcelled Hibernation
  1217 | D:2      | Reached skill level 5 in Hexes
  1284 | D:2      | Found an ornate altar of the Wu Jian Council.
  1380 | D:2      | Gained mutation: You are afflicted with vampirism and can
                  | become a bat while bloodless. [Vampire growth]
  1380 | D:2      | Reached XP level 3. HP: 27/27 MP: 6/6
  1440 | D:2      | Learned a level 3 spell: Confusing Touch
  2139 | D:3      | Noticed Grinder
  2241 | D:3      | Noticed a black bear
  2257 | D:3      | Killed a black bear
  2258 | D:3      | Reached skill level 5 in Stealth
  2258 | D:3      | Reached skill level 6 in Hexes
  2258 | D:3      | Reached XP level 4. HP: 16/34 MP: 1/7
  2258 | D:3      | Reached XP level 5. HP: 18/39 MP: 1/8
  2404 | D:3      | Found an ornate altar of the Wu Jian Council.
  2489 | D:3      | Learned a level 3 spell: Tukima's Dance
  2608 | D:3      | Noticed Robin
  2726 | D:3      | Killed Robin
  2919 | D:3      | Constricted to death by an orc priest

Illustrated notes

Levels and vault maps discovered:
D:1:      evilmike_arrival_rings, layout_basic,
          chequers_ecumenical_altar_island, chequers_big_river
D:2:      layout_loops_corners, basic_altar, minmay_misc_feat_rugged
D:3:      layout_basic, mainiacjoe_overflow_tiny_flanked, minivault_25,
          minmay_rat_hole, uniq_robin, uniq_jessica, uniq_grinder

Skill      XL: |  1  2  3 |
---------------+----------+-----
Fighting       | 1 2 |  2.5
Hexes          | 5 6 |  6.6
Stealth        | 5 |  5.9
Short Blades   | |  1.1
Dodging        | |  2.1
Spellcasting   | |  2.0

Action                   |  1- 3 |  4- 6 || total
-------------------------+-------+-------++-------
Melee: Dagger            |    70 |       ||    70
       Bite              |     5 |     6 ||    11
       Rapier            |    12 |    56 ||    68
 Cast: Ensorcelled Hiber |     8 |     9 ||    17
       Tukima's Dance    |       |     4 ||     4
Evoke: Wand              |     1 |       ||     1
  Use: Potion            |     1 |     1 ||     2
 Stab: Sleeping          |    17 |     3 ||    20
       Invisible         |     1 |       ||     1
Armor: Robe              |    18 |       ||    18
       Leather armour    |     3 |    12 ||    15
Dodge: Dodged            |    40 |    38 ||    78
